 Dungeon Sprint DCSS version 0.29-a0-819-g94b489e0ae (webtiles) character file.

Game seed: 14386745255133177462

1300000 Ayihk420 the Wrestler (level 14, -16/169 HPs)
             Began as a Troll Monk on July 6, 2022.
             Was an Elder of Makhleb.
             Demolished by a meat berserker
             ... wielding a +9 battleaxe
              (77 damage)
             ... in the Dungeon (Sprint VIII: "Arena of Blood").
             The game lasted 00:00:56 (13 turns).

Ayihk420 the Wrestler (Troll Monk)                    Turns: 13, Time: 00:00:57

Health: -16/169    AC:  4    Str: 22    XL:     14   Next: 60%
Magic:  13/13      EV: 21    Int:  6    God:    Makhleb [****..]
Gold:   0          SH:  0    Dex: 16    Spells: 13/13 levels left

rFire   . . .      SeeInvis .   i - +∞ Axe of Woe
rCold   . . .      Faith    .   (shield currently unavailable)
rNeg    . . .      Spirit   .   a - +0 robe
rPois   .          Reflect  .   (helmet restricted)
rElec   .          Harm     .   (no cloak)
rCorr   .          Rampage  .   (gloves unavailable)
Will    +....      NoTele   +   (boots unavailable)
Stlth   +++.......              (no amulet)
HPRegen 1.18/turn               (no ring)
MPRegen 0.13/turn               (no ring)

@: no status effects
A: large, unfitting armour, claws 3, regeneration 1, shaggy fur 1, tough skin 1
a: Renounce Religion, Minor Destruction, Lesser Servant of Makhleb, Major
Destruction


You were in the Dungeon.
You worshipped Makhleb.
Makhleb was greatly pleased with you.
You visited 1 branch

Inventory:

Hand Weapons
 i - the +∞ Axe of Woe (weapon)
   (You found it in the Dungeon)
Armour
 a - a +0 robe (worn)
Scrolls
 h - a scroll of blinking
Potions
 b - a potion of ambrosia
 c - a potion of curing
 d - a potion of heal wounds
 e - a potion of haste
 f - 2 potions of magic
 g - a potion of berserk rage


   Skills:
 - Level 18.1 Fighting
 + Level 10.5 Axes
 * Level 21.6 Dodging
 - Level 5.8 Stealth
 - Level 21.8 Unarmed Combat


You had 13 spell levels left.
You didn't know any spells.
Your spell library was empty.

Dungeon Overview and Level Annotations

Branches:
Dungeon (1/1)

Altars:
Makhleb


Innate Abilities, Weirdness & Mutations

You are too large for most types of armour.
You have claws for hands.
Your natural rate of healing is unusually fast.
You are covered in fur. (AC +1)
You have tough skin. (AC +1)


Message History

You hit the meat berserker.
You chop the meat berserker into pieces.
You kill the meat berserker!
Makhleb accepts your kill.
You can now summon a lesser servant of Makhleb.
You slice the bag of meat!! You chop the bag of meat into pieces.
You kill the bag of meat!
Makhleb accepts your kill.
You hear a shout! x4
The meat berserker rages.
A meat berserker comes into view. It is wielding a +9 battleaxe.
You hear a shout! x4
Your Fighting skill gained 2 levels and is now at level 18!
Your Axes skill gained 2 levels and is now at level 8!
Your Dodging skill gained 2 levels and is now at level 18!
Your Unarmed Combat skill gained 2 levels and is now at level 21!
You have reached level 14!
You slice the bag of meat!!
You cleave the bag of meat in twain.
You kill the bag of meat!
Makhleb accepts your kill.
You hit the bag of meat.
You slaughter the bag of meat joyfully.
You kill the bag of meat!
Makhleb accepts your kill.
You can now hurl Makhleb's greater destruction.
You feel better.
You hear a shout! x15
Your Axes skill gained 2 levels and is now at level 10!
Your Dodging skill gained 3 levels and is now at level 21!
You slash the meat berserker!
You cleave the meat berserker in twain.
You kill the meat berserker!
Makhleb accepts your kill.
You slice the bag of meat!!
You cleave the bag of meat in twain.
You kill the bag of meat!
Makhleb accepts your kill.
You feel better.
You hear a shout! x2
A meat berserker comes into view. It is wielding a +9 battleaxe.
You hear a shout! x4
The meat berserker hits you with a +9 battleaxe!!!!
You die...

..... .. #...
.# . #... ..#
.O###... ..###.
......###......
....._......
#.....# #_)@O_#
#.))..#
....._o.....
......###......
..###... ..###.
. #... ..# #...
.# ..... ..


You could see 2 meat berserkers and a bag of meat.

Vanquished Creatures
  3 ogres (D)
  6 orcs (D)
9 creatures vanquished.

Notes
Turn   | Place    | Note
-------+----------+-------------------------------------------
     0 | D        | Found the +∞ Axe of Woe
     0 | D        | Ayihk420 the Troll Monk began the quest for the Orb.
     0 | D        | Reached XP level 1. HP: 22/22 MP: 0/0
     2 | D        | Noticed a bag of meat
     2 | D        | Noticed a bag of meat
     4 | D        | Became a worshipper of Makhleb the Destroyer
     4 | D        | Reached * piety under Makhleb
     4 | D        | Reached ** piety under Makhleb
     5 | D        | Noticed a bag of meat
     6 | D        | Noticed a bag of meat
     6 | D        | Noticed a meat berserker
     7 | D        | Noticed a bag of meat
     7 | D        | Noticed a meat berserker
     9 | D        | Killed a bag of meat
     9 | D        | Noticed a bag of meat
    10 | D        | Reached XP level 2. HP: 50/50 MP: 1/1
    10 | D        | Reached XP level 3. HP: 58/58 MP: 2/2
    10 | D        | Reached XP level 4. HP: 67/67 MP: 3/3
    10 | D        | Reached XP level 5. HP: 75/75 MP: 4/4
    10 | D        | Reached XP level 6. HP: 84/84 MP: 5/5
    10 | D        | Reached XP level 7. HP: 92/92 MP: 6/6
    10 | D        | Reached XP level 8. HP: 101/101 MP: 7/7
    10 | D        | Reached XP level 9. HP: 109/109 MP: 8/8
    10 | D        | Reached XP level 10. HP: 118/118 MP: 9/9
    10 | D        | Killed a meat berserker
    10 | D        | Killed a bag of meat
    10 | D        | Noticed a meat berserker
    10 | D        | Noticed a bag of meat
    10 | D        | HP: 3/118 [bag of meat/+9 war axe (32)]
    11 | D        | Reached skill level 5 in Stealth
    11 | D        | Reached XP level 11. HP: 4/135 MP: 10/10
    11 | D        | Reached XP level 12. HP: 4/144 MP: 11/11
    11 | D        | Reached XP level 13. HP: 5/153 MP: 12/12
    11 | D        | Killed a meat berserker
    11 | D        | Reached *** piety under Makhleb
    11 | D        | Killed a bag of meat
    11 | D        | Noticed a meat berserker
    12 | D        | Reached XP level 14. HP: 7/169 MP: 13/13
    12 | D        | Killed a bag of meat
    12 | D        | Killed a bag of meat
    12 | D        | Reached **** piety under Makhleb
    13 | D        | Reached skill level 10 in Axes
    13 | D        | Killed a meat berserker
    13 | D        | Killed a bag of meat
    13 | D        | Noticed a meat berserker
    13 | D        | Demolished by a meat berserker

Illustrated notes

Levels and vault maps discovered:
D:        meatsprint

Skill      XL: |  1  2  3  4  5  6  7  8  9 10 11 12 13 14 |
---------------+-------------------------------------------+-----
Fighting       | 12 16 18 | 18.1
Axes           | 2 6 8 10 | 10.5
Dodging        | 12 16 18 21 | 21.6
Stealth        | 3 5 |  5.8
Unarmed Combat | 14 19 21 | 21.8

Action                   |  1- 3 |  4- 6 |  7- 9 | 10-12 | 13-15 || total
-------------------------+-------+-------+-------+-------+-------++-------
Melee: Executioner's axe |     1 |       |       |     1 |     3 ||     5

Table legend: (Time is in decaauts)
 A = Elapsed time spent in this place.
 B = Non-inter-level travel time spent in this place.
 C = Inter-level travel time spent in this place.
 D = Time resting spent in this place.
 E = Time spent auto-exploring this place.
 F = Levels seen in this place.
 G = Mean time per level.
                   A        B        C        D        E       F      G
               +--------+--------+--------+--------+--------+-----+--------+
         Total |     15 |     15 |      0 |      0 |      0 |   1 |   15.0 |
       Dungeon |     15 |     15 |      0 |      0 |      0 |   1 |   15.0 |
               +--------+--------+--------+--------+--------+-----+--------+

Top non-repeatable levels by time:
       D: 15 daAuts
